cohdb
Replays
Latest Replays
All Replays
Popular Replays
Top Player Replays
Match Explorer
How It Works
Community
CoH3 Stats
Reddit
Sign in to upload your games and track your stats! →
Sign in with Steam
Match 38794027
Unlisted
Match 38794027
Overview
Messages
Build Orders
End
Kradschützen Motorcycle Team
Panzerpioneer Squad
Selects Italian Infantry
250 Light Carrier
Construct Light Support Kompanie
Assault Grenadier Squad
Panzerpioneer Squad
2.5-tonne Medical Truck
Selects Defensive Operations
Combat Half-tracks
Assault Mechanized Group
Fire Support Elements
Selects Prepared Positions
Construct Panzerarmee Kommand
Walking Stuka Rocket Launcher
Pak 38 Mechanized Group
Flak 36 Anti-tank Gun Team
Selects Obice 305mm Barrage
Obice 305mm Barrage
Panzerpioneer Squad
Armored Reserves
Vehicle Survival Package
Walking Stuka Rocket Launcher
Panzer IV Assault Group
Ericese
rousong
Immortal pirce
ThedarkLegend0
Yak.L
PurePinoy
0
0
Comments
sign in to comment!
No comments posted yet!